 Dungeon Crawl Stone Soup version 0.28.0-43-g3370ac3207 (webtiles) character file.

Game seed: 17783668071048927762

6748 Peloso the Carver (level 10, -14/91 HPs)
             Began as a Minotaur Fighter on Mar 4, 2022.
             Was an Elder of Okawaru.
             Demolished by Urug
             ... wielding a +2 great sword of flaming
              (23 damage)
             ... on level 10 of the Dungeon.
             The game lasted 00:12:33 (9384 turns).

Peloso the Carver (Minotaur Fighter)                Turns: 9384, Time: 00:12:34

Health: -14/91     AC: 22    Str: 29    XL:     10   Next: 75%
Magic:  7/9        EV: 12    Int:  5    God:    Okawaru [****..]
Gold:   566        SH:  7    Dex: 12    Spells: 9/9 levels left

rFire   . . .      SeeInvis .   a - +0 long sword
rCold   + . .      Faith    .   c - +0 buckler
rNeg    . . .      Spirit   .   N - +2 chain mail {rC+}
rPois   .          Reflect  .   (helmet restricted)
rElec   .          Harm     .   w - +0 cloak
rCorr   .          Rampage  .   l - +0 pair of gloves
Will    .....                   (no boots)
Stlth   ..........              (no amulet)
HPRegen 0.25/turn               h - +4 ring of protection
MPRegen 0.11/turn               B - +6 ring of strength

@: mighty, heroic
A: horns 2, retaliatory headbutt
a: Renounce Religion, Heroism, Finesse


You were on level 10 of the Dungeon.
You worshipped Okawaru.
Okawaru was greatly pleased with you.
You visited 2 branches of the dungeon, and saw 10 of its levels.

You collected 566 gold pieces.

Inventory:

Hand Weapons
 a - a +0 long sword (weapon)
 b - a +2 whip of flaming
 L - a +0 hand crossbow
Missiles
 j - 6 throwing nets (quivered)
Armour
 c - a +0 buckler (worn)
 l - a +0 pair of gloves (worn)
 w - a +0 cloak (worn)
 N - a +2 chain mail of cold resistance (worn)
Jewellery
 e - an amulet of faith
 h - a +4 ring of protection (left hand)
 k - an amulet of guardian spirit
 o - a ring of ice
 q - a ring of wizardry
 B - a +6 ring of strength (right hand)
 F - a ring of see invisible
 I - a ring of willpower
Wands
 v - a wand of flame (15)
 G - a wand of paralysis (4)
 K - a wand of digging (5)
Scrolls
 m - a scroll of magic mapping
 n - a scroll of enchant armour
 s - 3 scrolls of teleportation
 u - a scroll of blinking
 x - 2 scrolls of noise
 y - 2 scrolls of immolation
 A - 2 scrolls of silence {unknown}
 C - a scroll of brand weapon {unknown}
 D - a scroll of fear {unknown}
 M - a scroll of enchant weapon {unknown}
Potions
 d - a potion of might
 f - 2 potions of brilliance
 g - a potion of heal wounds {unknown}
 i - a potion of flight {unknown}
 r - a potion of mutation {unknown}
 t - 2 potions of curing
 z - a potion of degeneration {unknown}
 H - 2 potions of haste
 J - a potion of attraction {unknown}


   Skills:
 + Level 9.3(14.3) Fighting
 + Level 12.9(17.9) Long Blades
 + Level 9.7(14.7) Armour
 + Level 3.2(8.2) Dodging
 + Level 1.1(6.1) Stealth
 + Level 8.1(13.1) Shields
 + Level 0.2 Invocations


You had 9 spell levels left.
You didn't know any spells.
Your spell library contained the following spells:

 Spells                   Type           Power      Damage    Failure   Level
 Pain                     Necr           0%         1d4       91%         1
 Gell's Gravitas          Tloc           0%         N/A       99%         3
 Lesser Beckoning         Tloc           0%         N/A       99%         3
 Teleport Other           Tloc           0%         N/A       99%         3
 Vampiric Draining        Necr           0%         2d6       99%         3
 Anguish                  Hex/Necr       0%         N/A       100%        4
 Alistair's Intoxication  Tmut/Pois      0%         N/A       100%        5
 Borgnjor's Vile Clutch   Necr/Erth      0%         N/A       100%        5
 Fireball                 Conj/Fire      0%         3d3       100%        5
 Iskenderun's Battlesphe  Conj           0%         2d6       100%        5
 Conjure Ball Lightning   Conj/Air       0%         3x3d6     100%        6
 Eringya's Noxious Bog    Tmut/Pois      0%         N/A       100%        6
 Enfeeble                 Hex            0%         N/A       100%        7
 Orb of Destruction       Conj           0%         9d5       100%        7
 Discord                  Hex            0%         N/A       100%        8
 Disjunction              Tloc           0%         N/A       100%        8
 Animate Skeleton         Necr           Unusable   N/A       N/A         1
 Tukima's Dance           Hex            Unusable   N/A       N/A         3

Dungeon Overview and Level Annotations

Branches:
Dungeon (8/15)             Temple (1/1) D:6            Lair (0/6) D:8

Altars:
Cheibriados
Dithmenos
Elyvilon
Fedhas
Gozag
Kikubaaqudgha
Nemelex Xobeh
Okawaru
Qazlal
Ru
Vehumet
Xom
Yredelemnul
Zin
The Shining One

Shops:
D:5 [

Annotations:
D:10 Urug


Innate Abilities, Weirdness & Mutations

You have a pair of horns on your head.
You reflexively headbutt those who attack you in melee.


Message History

The yak is almost dead.
The yak gores you but does no damage.
You barely miss the yak. Your headbutt misses the yak.
The yak is almost dead.
The yak gores you but does no damage.
Urug hits you with a +2 great sword of flaming!!
Urug burns you!
Unknown command.
You feel very mighty all of a sudden. The yak barely misses you.
Urug hits you with a +2 great sword of flaming.
Urug burns you.
You gain the combat prowess of a mighty hero.
The yak gores you.
Urug hits you with a +2 great sword of flaming!!
Urug burns you.
You slice the yak!!
You kill the yak!
Okawaru accepts your kill. Urug hits you but does no damage.
You closely miss Urug. You hit Urug but do no damage.
Urug screams, "You are already dead."
Urug hits you with a +2 great sword of flaming.
Urug burns you.
You miss Urug. You headbutt Urug!
Urug is lightly wounded.
Urug hits you with a +2 great sword of flaming!
* * * LOW HITPOINT WARNING * * *
Urug burns you!
* * * LOW HITPOINT WARNING * * *
You hit Urug but do no damage. You headbutt Urug!
Urug is moderately wounded.
You block Urug's attack.
You slice Urug!! You headbutt Urug!
Urug is severely wounded.
You slash Urug!
Urug is almost dead.
Urug hits you with a +2 great sword of flaming!!
You die...

#....>...#..##..##..##..
#........#..##..##..#
#........#..##..##..#
#........#..##..##..#
#........#..##..##..#
#........#.<##..##..#
#........#..##..##..#
#...........##..##..#
#......@....# #..#
#.......o...# ...#
#...........#
............#
............#
................
................
.............##..
.............# .


You could see Urug.

Vanquished Creatures
  Harold (D:7)
  A two-headed ogre (D:7)
  A manticore (D:8)
  Joseph (D:7)
  Grinder (D:3)
  Prince Ribbit (D:5)
  5 yaks
  A steam dragon (D:6)
  Edmund (D:5)
  A water moccasin (D:8)
  2 ice beasts
  5 orc warriors
  3 sky beasts
  4 black bears
  4 ogres
  A phantom (D:4)
  Blork the orc (D:5)
  2 gnoll sergeants
  3 bullfrogs (D:8)
  4 scorpions
  A wyvern skeleton (D:7)
  3 water moccasin skeletons
  3 wights (D:8)
  2 centaur zombies
  2 jellies
  Crazy Yiuf (D:3)
  A gnoll shaman (D:5)
  2 orc priests (D:8)
  An iguana (D:5)
  2 centaur skeletons (D:7)
  5 orc wizards
  A hound skeleton (D:4)
  2 hound zombies (D:5)
  A howler monkey zombie (D:7)
  14 gnolls
  3 adders
  A shadow imp (D:7)
  A white imp (D:7)
  4 ufetubi
  3 worms
  2 dart slugs
  27 orcs
  7 endoplasms
  4 giant cockroaches
  10 hobgoblins
  2 quokkas (D:1)
  7 ball pythons
  3 bats
  3 frilled lizards (D:1)
  9 goblins
  7 kobolds
  2 rats
179 creatures vanquished.

Vanquished Creatures (others)
  60 fungi (D:8)
  45 plants (D:8)
105 creatures vanquished.

Grand Total: 284 creatures vanquished

Notes
Turn   | Place    | Note
-------+----------+-------------------------------------------
     0 | D:1      | Peloso the Minotaur Fighter began the quest for the Orb.
     0 | D:1      | Reached XP level 1. HP: 19/19 MP: 0/0
   142 | D:1      | Reached XP level 2. HP: 18/27 MP: 1/1
   554 | D:1      | Reached XP level 3. HP: 33/33 MP: 2/2
   857 | D:2      | Reached skill level 3 in Long Blades
   983 | D:2      | Found a shadowy altar of Dithmenos.
  1685 | D:3      | Reached XP level 4. HP: 17/41 MP: 3/3
  1887 | D:3      | Found a runed translucent door.
  1888 | D:3      | Noticed Crazy Yiuf
  1998 | D:3      | Noticed Grinder
  1998 | D:3      | Paralysed by Grinder for 3 turns
  2265 | D:3      | Paralysed by Grinder for 6 turns
  2274 | D:3      | Killed Grinder
  2275 | D:3      | Reached skill level 5 in Long Blades
  2275 | D:3      | Reached XP level 5. HP: 31/47 MP: 4/4
  2275 | D:3      | Reached XP level 6. HP: 36/55 MP: 5/5
  2668 | D:3      | Reached skill level 5 in Fighting
  2668 | D:3      | Reached skill level 6 in Long Blades
  2668 | D:3      | Reached skill level 5 in Armour
  2980 | D:3      | Killed Crazy Yiuf
  3169 | D:4      | Reached skill level 1 in Dodging
  3230 | D:4      | Reached XP level 7. HP: 61/61 MP: 6/6
  3242 | D:4      | Reached skill level 5 in Shields
  3289 | D:4      | Reached skill level 7 in Long Blades
  3724 | D:4      | Found a sparkling altar of Nemelex Xobeh.
  3982 | D:4      | Reached skill level 8 in Long Blades
  3982 | D:4      | Reached XP level 8. HP: 69/69 MP: 7/7
  4074 | D:5      | Entered Level 5 of the Dungeon
  4110 | D:5      | Noticed Blork the orc
  4126 | D:4      | HP: 2/70 [ogre/+0 giant spiked club (4)]
  4459 | D:5      | Killed Blork the orc
  4464 | D:5      | HP: 2/70 [poisoned by Blork the orc]
  4774 | D:5      | Found Ginatag's Antique Armour Shoppe.
  4781 | D:5      | Noticed Edmund
  4810 | D:5      | Killed Edmund
  4928 | D:5      | Reached skill level 9 in Long Blades
  4985 | D:5      | Noticed Prince Ribbit
  5003 | D:5      | Killed Prince Ribbit
  5264 | D:5      | Found a snail-covered altar of Cheibriados.
  5299 | D:5      | Found a white marble altar of Elyvilon.
  5376 | D:5      | Reached XP level 9. HP: 68/78 MP: 8/8
  5459 | D:5      | Found a shadowy altar of Dithmenos.
  5502 | D:5      | Found a radiant altar of Vehumet.
  5702 | D:6      | Found a staircase to the Ecumenical Temple.
  5708 | Temple   | Entered the Ecumenical Temple
  5772 | Temple   | Became a worshipper of Warmaster Okawaru
  5894 | D:6      | Reached skill level 10 in Long Blades
  6049 | D:5      | Noticed a rust devil
  6049 | D:5      | Noticed a rust devil
  6390 | D:6      | Reached * piety under Okawaru
  6666 | D:7      | Reached skill level 11 in Long Blades
  6866 | D:7      | Noticed a two-headed ogre
  6882 | D:7      | Killed a two-headed ogre
  6882 | D:7      | Reached ** piety under Okawaru
  6883 | D:7      | Reached skill level 1 in Stealth
  7107 | D:7      | Noticed Harold
  7134 | D:7      | Killed Harold
  7135 | D:7      | Reached XP level 10. HP: 32/90 MP: 9/9
  7384 | D:7      | Found a basalt altar of Yredelemnul.
  7846 | D:7      | Noticed Joseph
  7854 | D:7      | Killed Joseph
  7855 | D:7      | Reached skill level 12 in Long Blades
  8433 | D:8      | Noticed a manticore
  8441 | D:8      | Killed a manticore
  8441 | D:8      | Reached *** piety under Okawaru
  8923 | D:8      | Found a staircase to the Lair.
  9094 | D:8      | Reached **** piety under Okawaru
  9325 | D:8      | You fall into a shaft and drop 2 floors!
  9325 | D:10     | Entered Level 10 of the Dungeon
  9364 | D:10     | Noticed Urug
  9384 | D:10     | Demolished by Urug

Illustrated notes

Levels and vault maps discovered:
D:1:      roderic_dead_forest, layout_rooms, serial_corexii_hall,
          corexii_hall_statues_i, corexii_hall_statues_i, corner_web_ring,
          minmay_cupped
D:2:      layout_basic, basic_altar
D:3:      layout_loops_ring, grunt_decor_resistance, minmay_goblin_kobold_house,
          uniq_grinder, uniq_crazy_yiuf_cottage
D:4:      layout_basic, pf_just_have_faith
D:5:      cheibrodos_iron_armory, layout_rooms, lemuel_coloured_pillars_altar,
          mainiacjoe_overflow_alcove_4, mainiacjoe_overflow_small_starburst,
          nicolae_vehumet_altar_sigil, serial_shops, nicolae_shop_statue_plus,
          uniq_blork_the_orc, uniq_edmund, uniq_prince_ribbit1
D:6:      layout_basic, minmay_temple_entry_drinking_statues,
          serial_park_tiny_2, kennysheep_generic_room_7
D:7:      layout_basic, mainiacjoe_overflow_brackets, uniq_joseph, uniq_harold
D:8:      layout_basic, due_lair_maze_entry_diamond
D:10:     layout_long_grid, eat_drink_and_be_merry_uskayaw,
          mainiacjoe_overflow_concentric_impassable, uniq_fannar, uniq_psyche,
          uniq_urug, uniq_sonja
Temple:   dpeg_three_leaves_temple

Skill      XL: |  1  2  3  4  5  6  7  8  9 10 |
---------------+-------------------------------+-----
Fighting       | 4 5 6 8 9 |  9.3
Shields        | 4 5 6 7 8 |  8.1
Armour         | 4 5 6 7 8 9 |  9.7
Long Blades    | 3 5 6 8 9 11 12 | 12.9
Dodging        | 1 2 3 |  3.2
Stealth        | 1 |  1.1
Invocations    | |  0.2

Action                   |  1- 3 |  4- 6 |  7- 9 | 10-12 || total
-------------------------+-------+-------+-------+-------++-------
Melee: Long sword        |    82 |    86 |   299 |   135 ||   602
       Headbutt          |    11 |    16 |    64 |    29 ||   120
Invok: Heroism           |       |       |     1 |     2 ||     3
  Use: Potion            |       |       |     2 |     1 ||     3
       Scroll            |       |       |       |     6 ||     6
Armor: Scale mail        |    47 |     8 |       |       ||    55
       Chain mail        |       |    55 |   105 |    56 ||   216
       Plate armour      |       |       |    22 |     5 ||    27
Dodge: Dodged            |    47 |    31 |    78 |    47 ||   203
Block: Buckler           |    26 |    25 |    68 |    40 ||   159
